 Dungeon Crawl Stone Soup version 0.30-a0-364-gf6b3ef1049 (webtiles) character file.

Game seed: 6801717715192845458

111 Essalna the Firebug (level 4, -4/27 HPs)
             Began as a Tengu Fire Elementalist on Nov 16, 2022.
             Slain by an iguana (7 damage)
             ... on level 4 of the Dungeon.
             The game lasted 00:04:07 (2792 turns).

Essalna the Firebug (Tengu Fire Elementalist)       Turns: 2792, Time: 00:04:07

Health: -4/27      AC:  2    Str:  8    XL:     4   Next: 92%
Magic:  0/8        EV: 12    Int: 18    God:
Gold:   186        SH:  0    Dex: 14    Spells: 4/7 levels left

rFire   . . .      SeeInvis .    k - +0 whip (pain)
rCold   . . .      Faith    .    (no shield)
rNeg    . . .      Spirit   .    a - +0 robe
rPois   +          Reflect  .    (helmet restricted)
rElec   .          Harm     .    (no cloak)
rCorr   .          Rampage  .    (no gloves)
Will    .....                    (boots unavailable)
Stlth   ++........               d - amulet of the acrobat
HPRegen 0.24/turn                h - ring of poison resistance
MPRegen 0.11/turn                (no ring)

@: very slightly contaminated
A: beak, talons 3
a: no special abilities


You were on level 4 of the Dungeon.
You visited 1 branch of the dungeon, and saw 4 of its levels.

You collected 186 gold pieces.

Inventory:

Hand Weapons
 k - a +0 whip of pain (weapon)
Armour
 a - a +0 robe (worn)
Jewellery
 d - an amulet of the acrobat (around neck)
 h - a ring of poison resistance (left hand)
Scrolls
 c - a scroll of enchant weapon {unknown}
 g - 2 scrolls of immolation {unknown}
 j - 4 scrolls of identify {unknown}
 l - a scroll of teleportation {unknown}
 m - 3 scrolls of silence {unknown}
 n - a scroll of noise {unknown}
Potions
 b - a potion of might {unknown}
 e - 2 potions of invisibility {unknown}
 f - a potion of mutation {unknown}
 i - 2 potions of curing {unknown}


   Skills:
 + Level 2.3 Fighting
 - Level 2.1 Dodging
 - Level 2.0 Stealth
 - Level 2.0 Spellcasting
 + Level 3.6 Conjurations
 + Level 4.3 Fire Magic


You had 4 spell levels left.
You knew the following spells:

 Your Spells              Type           Power      Damage    Failure   Level
a - Foxfire               Conj/Fire      64%        2x1d7     3%          1
b - Scorch                Fire           34%        2d7       4%          2

Your spell library contained the following spells:

 Spells                   Type           Power      Damage    Failure   Level
 Apportation              Tloc           2%         N/A       19%         1
 Necrotise                Necr           4%         1d4       19%         1
 Sandblast                Erth           2%         2d4       19%         1
 Summon Small Mammal      Summ           4%         N/A       19%         1
 Inner Flame              Hex/Fire       9%         N/A       22%         3
 Passwall                 Tmut/Erth      0%         N/A       26%         2
 Stone Arrow              Conj/Erth      16%        3d8       26%         3
 Kindle Blastsparks       Fire/Tloc/Air  14%        2d11      30%         3
 Flame Wave               Conj/Fire      16%        2d7       34%         4


Dungeon Overview and Level Annotations

Branches:
Dungeon (4/15)
 Temple: D:4-7

Altars:
Elyvilon

Shops:
D:1 ?

Annotations:
D:3 Grinder


Innate Abilities, Weirdness & Mutations

You have a beak for a mouth.
You have claws for feet.


Message History

a +0 club; a gnoll corpse You see here a giant cockroach corpse.
You now have 186 gold pieces (gained 11).
An iguana comes into view.
You conjure some foxfire!
The iguana hisses angrily.
You miscast Foxfire.
You are very lightly contaminated with residual magic.
Nothing appears to happen.
The foxfire hits the iguana but does no damage.
The foxfire hits the iguana.
The iguana is lightly wounded.
Casting: Foxfire (safe; 3% risk of failure)
Confirm with . or Enter, or press ? or * to list all spells.
Flames lash the iguana but do no damage.
Casting: Scorch (safe; 4% risk of failure)
Confirm with . or Enter, or press ? or * to list all spells.
Flames lash the iguana.
The iguana is moderately wounded.
The iguana's fire resistance burns away.
The iguana barely misses you.
Casting: Scorch (safe; 4% risk of failure)
Confirm with . or Enter, or press ? or * to list all spells.
Flames lash the iguana.
The iguana is burned terribly!
The iguana is almost dead.
The iguana bites you!
Casting: Scorch (safe; 4% risk of failure)
Confirm with . or Enter, or press ? or * to list all spells.
You don't have enough magic to cast this spell.
You hit the iguana but do no damage.
The iguana is almost dead.
The iguana bites you!
* * * LOW HITPOINT WARNING * * *
You hit the iguana but do no damage. Your kick misses the iguana.
The iguana is almost dead.
The iguana barely misses you.
You hit the iguana but do no damage.
The iguana is almost dead.
The iguana bites you!
You die...

##############.##.#
..................#
##############.#..#
#.#..# #.#..#
#.#..# #.#..# .
#.#..##....
#.#@l......
#......## .......#
#######.# ..# .#


You could see an iguana (combustible).

Vanquished Creatures
  2 gnolls
  3 adders (D:2)
  2 worms (D:2)
  A dart slug (D:2)
  5 endoplasms
  A giant cockroach (D:4)
  2 goblins
  5 hobgoblins
  7 jackals (D:1)
  8 kobolds
  3 quokkas
  2 ball pythons
  4 bats
  2 frilled lizards
  8 rats
55 creatures vanquished.

Vanquished Creatures (others)
  189 foxfires
189 creatures vanquished.

Grand Total: 244 creatures vanquished

Notes
Turn   | Place    | Note
-------+----------+-------------------------------------------
     0 | D:1      | Essalna the Tengu Fire Elementalist began the quest for the
                  | Orb.
     0 | D:1      | Reached XP level 1. HP: 10/10 MP: 4/4
    54 | D:1      | Reached XP level 2. HP: 16/16 MP: 3/6
   215 | D:1      | Reached skill level 1 in Fighting
   406 | D:1      | Reached XP level 3. HP: 17/20 MP: 1/7
   663 | D:1      | Found Yczath's Magic Scroll Shop.
  1233 | D:2      | Reached skill level 4 in Fire Magic
  1275 | D:2      | Reached XP level 4. HP: 26/26 MP: 0/8
  1791 | D:2      | Found a white marble altar of Elyvilon.
  2593 | D:3      | Noticed Grinder
  2603 | D:3      | Learned a level 2 spell: Scorch
  2792 | D:4      | Slain by an iguana

Illustrated notes

Levels and vault maps discovered:
D:1:      mainiacjoe_arrival_reflecting_pool, layout_rooms, serial_shops,
          nicolae_shop_statue_plus, minmay_pentomino_q4
D:2:      wad_river_or_something, layout_basic, basic_altar
D:3:      layout_basic, general_overflow_altar, bh_walls_and_bars, uniq_grinder
D:4:      kennysheep_spiral_hall, layout_basic,
          mainiacjoe_overflow_surrounded_room, nicolae_kite_square_tiling_tiny

Skill      XL: |  1  2  3  4 |
---------------+-------------+-----
Conjurations   | 2 3 |  3.6
Fighting       | 1 2 |  2.3
Fire Magic     | 4 |  4.3
Dodging        | |  2.1
Stealth        | |  2.0
Spellcasting   | |  2.0

Action                   |  1- 3 |  4- 6 || total
-------------------------+-------+-------++-------
Melee: Unarmed           |    17 |     5 ||    22
       Kick              |     7 |     6 ||    13
       Peck              |     3 |     1 ||     4
       Whip              |       |    17 ||    17
 Cast: Foxfire           |    72 |    38 ||   110
       Scorch            |       |     4 ||     4
  Use: Potion            |     1 |       ||     1
 Stab: Sleeping          |       |     2 ||     2
Armor: Robe              |     6 |     2 ||     8
Dodge: Dodged            |    17 |    26 ||    43

Table legend: (Time is in decaauts)
 A = Elapsed time spent in this place.
 B = Non-inter-level travel time spent in this place.
 C = Inter-level travel time spent in this place.
 D = Time resting spent in this place.
 E = Time spent auto-exploring this place.
 F = Levels seen in this place.
 G = Mean time per level.
                   A        B        C        D        E       F      G
               +--------+--------+--------+--------+--------+-----+--------+
         Total |   2795 |   2744 |     51 |      0 |   2342 |   4 |  698.8 |
       Dungeon |   2795 |   2744 |     51 |      0 |   2342 |   4 |  698.8 |
               +--------+--------+--------+--------+--------+-----+--------+

Top non-repeatable levels by time:
     D:2: 1614 daAuts
     D:1: 944 daAuts
     D:4: 142 daAuts
     D:3: 94 daAuts
